| TOP OF THE 1ST |
|
Johnson City Cardinals batting - Pitching for Philadelphia (APP) Phillies : RHP Victor Hurtado
|
|
Pitching: RHP Victor Hurtado
|
|
|
Batting: RHB Nick Latulippe
|
0-0: Foul Ball, location: 2F 0-1: Ball 1-1: Ground out 4-3 (Groundball, 4, EV 77.5 MPH)
|
|
Batting: RHB Herbert Loveless
|
0-0: Called Strike 0-1: Ball 1-1: Foul Ball, location: 2F 1-2: Ball 2-2: Foul Ball, location: 2F 2-2: Foul Ball, location: 2F 2-2: Foul Ball, location: 2F 2-2: Foul Ball, location: 2F 2-2: Ground out 6-3 (Groundball, 6, EV 86.9 MPH)
|
|
Batting: RHB Tim Jobe
|
0-0: Ball 1-0: Ground out 4-3 (Groundball, 4, EV 82.5 MPH)
|
| Top of the 1st over - 0 runs, 0 hits, 0 errors, 0 left on base; Johnson City 0 - Philadelphia (APP) 0 |
| BOTTOM OF THE 1ST |
|
Philadelphia (APP) Phillies batting - Pitching for Johnson City Cardinals : RHP Norietsu Higashi
|
|
Pitching: RHP Norietsu Higashi
|
|
|
Batting: RHB Gary Sampson
|
0-0: Ball 1-0: Ball 2-0: Called Strike 2-1: SINGLE (Groundball, 34D, EV 98.8 MPH)
|
|
Batting: RHB Trent Hedrick
|
0-0: Ball 1-0: Foul Ball, location: 2F 1-1: Ball 2-1: Fly out, F9 (Flyball, 9LSF, EV 91.2 MPH)
|
|
Batting: LHB Joel Moore
|
0-0: Ball 1-0: DOUBLE (Line Drive, 7LS, EV 91.9 MPH) Gary Sampson to third Runner from 3rd tries for Home, SAFE, no throw by LF
|
|
Batting: RHB Allen Gravel
|
0-0: Ground out U3 (Groundball, 3L, EV 85.0 MPH) Joel Moore to third
|
|
Batting: RHB Danny Habermehl
|
0-0: Foul Ball, location: 2F 0-1: Ball 1-1: Swinging Strike 1-2: SINGLE (Line Drive, 9S, EV 86.9 MPH) Joel Moore scores
|
|
Batting: RHB Mike Bell
|
0-0: Fielders Choice at 2nd, U4 (Groundball, 4M, EV 103.8 MPH)
|
| Bottom of the 1st over - 2 runs, 3 hits, 0 errors, 1 left on base; Johnson City 0 - Philadelphia (APP) 2 |
| TOP OF THE 2ND |
|
Johnson City Cardinals batting - Pitching for Philadelphia (APP) Phillies : RHP Victor Hurtado
|
|
Batting: RHB Kyle Burns
|
0-0: Ball 1-0: Ball 2-0: Called Strike 2-1: SINGLE (Groundball, 6MD, EV 103.1 MPH)
|
|
Batting: RHB Adam Hudson
|
0-0: Swinging Strike 0-1: Ball 1-1: SINGLE (Line Drive, 6MD, EV 94.4 MPH) Kyle Burns to second
|
|
Batting: RHB Geoff Musico
|
0-0: Called Strike 0-1: Called Strike 0-2: Strikes out swinging
|
|
Batting: RHB Alex Melgoza
|
0-0: Ball 1-0: Ball 2-0: Grounds into double play, 6-4-3 (Groundball, 6, EV 89.4 MPH)
|
| Top of the 2nd over - 0 runs, 2 hits, 0 errors, 1 left on base; Johnson City 0 - Philadelphia (APP) 2 |
| BOTTOM OF THE 2ND |
|
Philadelphia (APP) Phillies batting - Pitching for Johnson City Cardinals : RHP Norietsu Higashi
|
|
Batting: RHB Zach Slot
|
0-0: Ball 1-0: Ball 2-0: Called Strike 2-1: Ball 3-1: Base on Balls
|
|
Batting: RHB Guan-pei Gao
|
0-0: Called Strike 0-1: Ball 1-1: SINGLE (Line Drive, 8RS, EV 108.1 MPH) Zach Slot to second
|
|
Batting: LHB Jesse Haught
|
0-0: Foul Ball, location: 2F 0-1: Called Strike 0-2: Ball 1-2: Ground out 5-3 (Groundball, 6S, EV 70.0 MPH) Zach Slot to third Guan-pei Gao to second
|
|
Batting: RHB Gary Sampson
|
0-0: Ball 1-0: Ground out 5-3 (Groundball, 56, EV 103.8 MPH) Zach Slot scores
|
|
Batting: RHB Trent Hedrick
|
0-0: Ball 1-0: Ball Passed Ball! Guan-pei Gao to third 2-0: Ball 3-0: Base on Balls
|
|
Batting: LHB Joel Moore
|
0-0: Ball 1-0: Ball 2-0: Called Strike 2-1: Called Strike 2-2: Ball 3-2: Foul Ball, location: 2F 3-2: Ground out 4-3 (Groundball, 4, EV 98.8 MPH)
|
| Bottom of the 2nd over - 1 run, 1 hit, 0 errors, 2 left on base; Johnson City 0 - Philadelphia (APP) 3 |
| TOP OF THE 3RD |
|
Johnson City Cardinals batting - Pitching for Philadelphia (APP) Phillies : RHP Victor Hurtado
|
|
Batting: RHB Bobby Miles
|
0-0: Ball 1-0: Ball 2-0: SINGLE (Groundball, 56D, EV 97.5 MPH)
|
|
Batting: RHB Edgar Klockow
|
0-0: Called Strike 0-1: SINGLE (Groundball, 56D, EV 106.9 MPH) Bobby Miles to second
|
|
Batting: RHB Nick Latulippe
|
0-0: Swinging Strike 0-1: Fly out, F3 (Line Drive, 3L, EV 65.6 MPH) Lined into DP, U3 (Line Drive, 3L, EV 66.2 MPH)
|
|
Batting: RHB Herbert Loveless
|
0-0: Ball 1-0: Called Strike 1-1: Ball 2-1: Ball 3-1: Base on Balls
|
|
Batting: RHB Tim Jobe
|
0-0: Called Strike 0-1: Ground out 4-3 (Groundball, 4, EV 105.6 MPH)
|
| Top of the 3rd over - 0 runs, 2 hits, 0 errors, 2 left on base; Johnson City 0 - Philadelphia (APP) 3 |
| BOTTOM OF THE 3RD |
|
Philadelphia (APP) Phillies batting - Pitching for Johnson City Cardinals : RHP Norietsu Higashi
|
|
Batting: RHB Allen Gravel
|
0-0: DOUBLE (Line Drive, 7LM, EV 108.8 MPH)
|
|
Batting: RHB Danny Habermehl
|
0-0: Ball 1-0: Ball 2-0: Ball 3-0: Called Strike 3-1: Base on Balls
|
|
Batting: RHB Mike Bell
|
0-0: Ball 1-0: Swinging Strike 1-1: Ball 2-1: Ball 3-1: Called Strike 3-2: Base on Balls Allen Gravel to third Danny Habermehl to second
|
|
Batting: RHB Zach Slot
|
0-0: Called Strike 0-1: Grounds into double play, 4-6-3 (Groundball, 34, EV 83.8 MPH) Allen Gravel scores Danny Habermehl to third
|
|
Batting: RHB Guan-pei Gao
|
0-0: Ball 1-0: Called Strike 1-1: Ball 2-1: Called Strike 2-2: Ball 3-2: Ground out 6-3 (Groundball, 6M, EV 81.2 MPH)
|
| Bottom of the 3rd over - 1 run, 1 hit, 0 errors, 1 left on base; Johnson City 0 - Philadelphia (APP) 4 |
| TOP OF THE 4TH |
|
Johnson City Cardinals batting - Pitching for Philadelphia (APP) Phillies : RHP Victor Hurtado
|
|
Batting: RHB Kyle Burns
|
0-0: Ball 1-0: Ball 2-0: Foul Ball, location: 2F 2-1: Foul Ball, location: 2F 2-2: Ball 3-2: Fly out, F9 (Flyball, 9LM, EV 95.0 MPH)
|
|
Batting: RHB Adam Hudson
|
0-0: Ball 1-0: Ball 2-0: Foul Ball, location: 2F 2-1: Ball 3-1: Ground out 4-3 (Groundball, 34, EV 83.8 MPH)
|
|
Batting: RHB Geoff Musico
|
0-0: Called Strike 0-1: Ball 1-1: Ball 2-1: Swinging Strike 2-2: Ball 3-2: Strikes out swinging
|
| Top of the 4th over - 0 runs, 0 hits, 0 errors, 0 left on base; Johnson City 0 - Philadelphia (APP) 4 |
| BOTTOM OF THE 4TH |
|
Philadelphia (APP) Phillies batting - Pitching for Johnson City Cardinals : RHP Norietsu Higashi
|
|
Batting: LHB Jesse Haught
|
0-0: Ground out U3 (Groundball, 3, EV 88.8 MPH)
|
|
Batting: RHB Gary Sampson
|
0-0: Foul Ball, location: 2F 0-1: Swinging Strike 0-2: Strikes out looking
|
|
Batting: RHB Trent Hedrick
|
0-0: Ball 1-0: Ball 2-0: DOUBLE (Groundball, 5L, EV 96.9 MPH)
|
|
Batting: LHB Joel Moore
|
0-0: Ball 1-0: Called Strike 1-1: DOUBLE (Groundball, 5L, EV 102.5 MPH) Trent Hedrick scores
|
|
Pitching: RHP Mark Rivera
|
|
|
Batting: RHB Allen Gravel
|
0-0: Ball 1-0: Ground out 5-3 (Groundball, 56S, EV 85.6 MPH)
|
| Bottom of the 4th over - 1 run, 2 hits, 0 errors, 1 left on base; Johnson City 0 - Philadelphia (APP) 5 |
| TOP OF THE 5TH |
|
Johnson City Cardinals batting - Pitching for Philadelphia (APP) Phillies : RHP Victor Hurtado
|
|
Batting: RHB Alex Melgoza
|
0-0: Ball 1-0: SOLO HOME RUN (Flyball, 7LD, EV 93.8 MPH), Distance : 330 ft
|
|
Batting: RHB Bobby Miles
|
0-0: Called Strike 0-1: Called Strike 0-2: Strikes out swinging
|
|
Batting: RHB Edgar Klockow
|
0-0: Foul Ball, location: 2F 0-1: Swinging Strike 0-2: Ball 1-2: Ball 2-2: Strikes out swinging
|
|
Batting: RHB Nick Latulippe
|
0-0: Ball 1-0: Called Strike 1-1: Called Strike 1-2: Fly out, F4 (Popup, 4, EV 68.1 MPH)
|
| Top of the 5th over - 1 run, 1 hit, 0 errors, 0 left on base; Johnson City 1 - Philadelphia (APP) 5 |
| BOTTOM OF THE 5TH |
|
Philadelphia (APP) Phillies batting - Pitching for Johnson City Cardinals : RHP Mark Rivera
|
|
Batting: RHB Danny Habermehl
|
0-0: Called Strike 0-1: Called Strike 0-2: Ball 1-2: Strikes out swinging
|
|
Batting: RHB Mike Bell
|
0-0: Called Strike 0-1: Ball 1-1: Foul Ball, location: 2F 1-2: Ball 2-2: Ball 3-2: Foul Ball, location: 2F 3-2: Strikes out swinging
|
|
Batting: RHB Zach Slot
|
0-0: Ball 1-0: Called Strike 1-1: SOLO HOME RUN (Flyball, 7D, EV 96.2 MPH), Distance : 368 ft
|
|
Batting: RHB Guan-pei Gao
|
0-0: Called Strike 0-1: Ball 1-1: Reached on error, E6 (Groundball, 6MS, EV 71.2 MPH)
|
|
Batting: LHB Jesse Haught
|
0-0: Swinging Strike 0-1: Ball 1-1: Ball Wild Pitch! Guan-pei Gao to second 2-1: Ball Wild Pitch! Guan-pei Gao to third 3-1: Base on Balls
|
|
Batting: RHB Gary Sampson
|
0-0: Called Strike Jesse Haught is caught stealing 2nd base 2-4
|
| Bottom of the 5th over - 1 run, 1 hit, 1 error, 1 left on base; Johnson City 1 - Philadelphia (APP) 6 |
| TOP OF THE 6TH |
|
Johnson City Cardinals batting - Pitching for Philadelphia (APP) Phillies : RHP Victor Hurtado
|
|
Batting: RHB Herbert Loveless
|
0-0: Swinging Strike 0-1: Ball 1-1: Called Strike 1-2: Strikes out swinging
|
|
Pitching: RHP Josh Howell
|
|
|
Batting: RHB Tim Jobe
|
0-0: Ball 1-0: Ball 2-0: Ball 3-0: Swinging Strike 3-1: Foul Ball, location: 2F 3-2: Fly out, F8 (Line Drive, 8LD, EV 104.4 MPH)
|
|
Batting: RHB Kyle Burns
|
0-0: Called Strike 0-1: Ground out 5-3 (Groundball, 5, EV 101.9 MPH)
|
| Top of the 6th over - 0 runs, 0 hits, 0 errors, 0 left on base; Johnson City 1 - Philadelphia (APP) 6 |
| BOTTOM OF THE 6TH |
|
Philadelphia (APP) Phillies batting - Pitching for Johnson City Cardinals : RHP Mark Rivera
|
|
Batting: RHB Gary Sampson
|
0-0: Foul Ball, location: 2F 0-1: Swinging Strike 0-2: Ball 1-2: Strikes out swinging
|
|
Pitching: RHP Daniel Boulter
|
|
|
Batting: RHB Trent Hedrick
|
0-0: Ball 1-0: Ball 2-0: Ground out 5-3 (Groundball, 56S, EV 88.8 MPH)
|
|
Batting: LHB Joel Moore
|
0-0: Reached on error, E1 (Groundball, 34S, EV 62.5 MPH)
|
|
Batting: RHB Allen Gravel
|
0-0: Called Strike 0-1: Called Strike 0-2: Ball 1-2: Foul Ball, location: 2F 1-2: Ball 2-2: Ball 3-2: Ground out 4-3 (Groundball, 4D, EV 98.1 MPH)
|
| Bottom of the 6th over - 0 runs, 0 hits, 1 error, 1 left on base; Johnson City 1 - Philadelphia (APP) 6 |
| TOP OF THE 7TH |
|
Johnson City Cardinals batting - Pitching for Philadelphia (APP) Phillies : RHP Josh Howell
|
|
Batting: RHB Adam Hudson
|
0-0: Ball 1-0: Called Strike 1-1: SINGLE (Groundball, 56D, EV 101.2 MPH)
|
|
Batting: RHB Geoff Musico
|
0-0: Called Strike 0-1: Ball 1-1: Ball 2-1: Fly out, F2 (Popup, 2LF, EV 95.0 MPH)
|
|
Batting: RHB Alex Melgoza
|
0-0: Ball 1-0: Foul Ball, location: 2F 1-1: Ball 2-1: Ball 3-1: Swinging Strike 3-2: Foul Ball, location: 2F 3-2: Foul Ball, location: 2F 3-2: Foul Ball, location: 2F 3-2: Base on Balls Adam Hudson to second
|
|
Batting: RHB Bobby Miles
|
0-0: Called Strike 0-1: Ball 1-1: DOUBLE (Line Drive, 8LD, EV 96.9 MPH) Adam Hudson scores Alex Melgoza to third
|
|
Pinch Hitting: LHB Billy Lang
|
0-0: Ball 1-0: Called Strike 1-1: Swinging Strike 1-2: Strikes out swinging
|
|
Batting: RHB Nick Latulippe
|
0-0: Called Strike 0-1: Called Strike 0-2: Ball 1-2: Ball 2-2: Foul Ball, location: 2F 2-2: Foul Ball, location: 2F 2-2: Ball 3-2: Foul Ball, location: 2F 3-2: Foul Ball, location: 2F 3-2: SINGLE (Groundball, 6D, EV 94.4 MPH) Alex Melgoza scores Bobby Miles to third
|
|
Batting: RHB Herbert Loveless
|
0-0: Ball 1-0: Ball 2-0: Called Strike 2-1: Foul Ball, location: 2F 2-2: Foul Ball, location: 2F 2-2: Foul Ball, location: 2F 2-2: Ground out 5-3 (Groundball, 56S, EV 81.9 MPH)
|
| Top of the 7th over - 2 runs, 3 hits, 0 errors, 2 left on base; Johnson City 3 - Philadelphia (APP) 6 |
| BOTTOM OF THE 7TH |
|
Philadelphia (APP) Phillies batting - Pitching for Johnson City Cardinals : RHP Daniel Boulter
|
|
Now in LF: Billy Lang
|
|
|
Batting: RHB Danny Habermehl
|
0-0: Fly out, F4 (Popup, 4M, EV 61.9 MPH)
|
|
Batting: RHB Mike Bell
|
0-0: Ball 1-0: Ball 2-0: Swinging Strike 2-1: Ball 3-1: Foul Ball, location: 2F 3-2: Base on Balls
|
|
Batting: RHB Zach Slot
|
0-0: Ball 1-0: Ball 2-0: Foul Ball, location: 2F 2-1: Fielders Choice at 2nd, 5-4 (Groundball, 56, EV 103.8 MPH)
|
|
Pitching: RHP Francisco Galindo
|
|
|
Batting: RHB Guan-pei Gao
|
0-0: Foul Ball, location: 2F 0-1: Called Strike 0-2: Foul Ball, location: 2F 0-2: Ball 1-2: Strikes out swinging
|
| Bottom of the 7th over - 0 runs, 0 hits, 0 errors, 1 left on base; Johnson City 3 - Philadelphia (APP) 6 |
| TOP OF THE 8TH |
|
Johnson City Cardinals batting - Pitching for Philadelphia (APP) Phillies : RHP Josh Howell
|
|
Pitching: RHP David Oviedo
|
|
|
Batting: RHB Tim Jobe
|
0-0: Called Strike 0-1: Foul Ball, location: 2F 0-2: Foul Ball, location: 2F 0-2: Ground out 4-3 (Groundball, 4M, EV 92.5 MPH)
|
|
Batting: RHB Kyle Burns
|
0-0: Ball 1-0: Called Strike 1-1: Foul Ball, location: 2F 1-2: Strikes out swinging
|
|
Batting: RHB Adam Hudson
|
0-0: Foul Ball, location: 2F 0-1: Ball 1-1: Called Strike 1-2: Foul Ball, location: 2F 1-2: Strikes out swinging
|
| Top of the 8th over - 0 runs, 0 hits, 0 errors, 0 left on base; Johnson City 3 - Philadelphia (APP) 6 |
| BOTTOM OF THE 8TH |
|
Philadelphia (APP) Phillies batting - Pitching for Johnson City Cardinals : RHP Francisco Galindo
|
|
Batting: LHB Jesse Haught
|
0-0: Called Strike 0-1: SINGLE (Flyball, 5D, EV 88.1 MPH)
|
|
Batting: RHB Gary Sampson
|
0-0: Ball 1-0: Foul Ball, location: 2F 1-1: Called Strike 1-2: Ball 2-2: Ball 3-2: Strikes out swinging
|
|
Batting: RHB Trent Hedrick
|
0-0: Ball 1-0: Ball Jesse Haught is caught stealing 2nd base 2-4 2-0: Called Strike 2-1: Ball 3-1: SINGLE (Groundball, 34D, EV 107.5 MPH)
|
|
Pitching: RHP Kiyoyuki Abe
|
|
|
Batting: LHB Joel Moore
|
0-0: Ball Trent Hedrick steals 2nd base 1-0: Ball 2-0: DOUBLE (Flyball, 78D, EV 106.2 MPH) Trent Hedrick scores
|
|
Batting: RHB Allen Gravel
|
0-0: DOUBLE (Line Drive, 9LM, EV 111.9 MPH) Joel Moore scores
|
|
Batting: RHB Danny Habermehl
|
0-0: Foul Ball, location: 2F 0-1: Ball 1-1: Swinging Strike 1-2: Foul Ball, location: 2F 1-2: Ball 2-2: Ball 3-2: Base on Balls
|
|
Batting: RHB Mike Bell
|
0-0: Ball 1-0: Called Strike 1-1: Fly out, F9 (Line Drive, 9LM, EV 104.4 MPH)
|
| Bottom of the 8th over - 2 runs, 4 hits, 0 errors, 2 left on base; Johnson City 3 - Philadelphia (APP) 8 |
| TOP OF THE 9TH |
|
Johnson City Cardinals batting - Pitching for Philadelphia (APP) Phillies : RHP David Oviedo
|
|
Batting: RHB Geoff Musico
|
0-0: Ball 1-0: Ball 2-0: Ball 3-0: Called Strike 3-1: Foul Ball, location: 2F 3-2: Foul Ball, location: 2F 3-2: Base on Balls
|
|
Batting: RHB Alex Melgoza
|
0-0: Ball 1-0: Ball 2-0: Ball 3-0: Base on Balls Geoff Musico to second
|
|
Batting: RHB Bobby Miles
|
0-0: Swinging Strike 0-1: Called Strike 0-2: Ball 1-2: Grounds into double play, 6-4-3 (Groundball, 6, EV 89.4 MPH) Geoff Musico to third
|
|
Batting: LHB Billy Lang
|
0-0: Ball 1-0: Swinging Strike 1-1: Foul Ball, location: 2F 1-2: Ball 2-2: Foul Ball, location: 2F 2-2: Strikes out swinging
|
| Top of the 9th over - 0 runs, 0 hits, 0 errors, 1 left on base; Johnson City 3 - Philadelphia (APP) 8 |
|